 Dungeon Crawl Stone Soup version 0.21-a0-536-gdbbf329 (webtiles) character file.

977 Amnesiac the Skirmisher (level 7, 0/43 HPs)
             Began as a Deep Elf Earth Elementalist on Dec 14, 2017.
             Slain by a bullfrog (5 damage)
             ... on level 5 of the Dungeon.
             The game lasted 00:09:19 (5396 turns).

Amnesiac the Skirmisher (DEEE)                      Turns: 5396, Time: 00:09:20

Health: 0/43       AC:  7    Str:  5    XL:     7   Next: 95%
Magic:  1/15       EV: 14    Int: 22    God:
Gold:   194        SH:  5    Dex: 15    Spells: 4/14 levels left

rFire    . . .     SeeInvis .   g - +0 dagger
rCold    + . .     Gourm    .   j - +0 buckler
rNeg     . . .     Faith    .   l - +2 robe {rC+}
rPois    .         Spirit   .   A - +1 helmet
rElec    .         Reflect  .   (no cloak)
rCorr    .         Harm     .   (no gloves)
MR       .....                  v - +0 pair of boots
Stlth    ++........             p - amulet of magic regeneration
HPRegen  0.14/turn              (no ring)
MPRegen  0.39/turn              (no ring)

@: very slightly contaminated, drained
A: no striking features
a: no special abilities


You were on level 5 of the Dungeon.
You were not hungry.

You visited 1 branch of the dungeon, and saw 6 of its levels.

You collected 194 gold pieces.

Inventory:

Hand Weapons
 g - a +0 dagger (weapon)
Missiles
 b - 100 stones (quivered)
 o - 20 poisoned needles
 y - 8 needles of sleeping
Armour
 j - a +0 buckler (worn)
 l - a +2 robe of cold resistance (worn)
 v - a +0 pair of boots (worn)
 A - a +1 helmet (worn)
Jewellery
 p - an amulet of magic regeneration (around neck)
Wands
 s - a wand of paralysis (15)
Scrolls
 h - 3 scrolls of identify {!r, unknown}
 i - 3 scrolls of random uselessness {!r, unknown}
 m - 5 scrolls of teleportation {!r, unknown}
 r - 2 scrolls of remove curse {!r, unknown}
 t - a scroll of fog {!r, unknown}
Potions
 a - 2 potions of heal wounds {!q, unknown}
 n - a potion of might {!q, unknown}
 q - a potion of degeneration {!q, unknown}
 u - 3 potions of curing {!q, unknown}
 w - a potion of flight {!q, unknown}
 x - a potion of berserk rage {!q, unknown}
 z - a potion of resistance {!q, unknown}
Books
 e - a book of Geomancy

   Spells                             Type                      Level
   a - Sandblast                      Earth                        1
   b - Passwall                       Transmutation/Earth          2
   c - Stone Arrow                    Conjuration/Earth            3
   d - Petrify                        Transmutation/Earth          4
   e - Lee's Rapid Deconstruction     Earth                        5
Comestibles
 d - 6 bread rations
 f - 2 royal jellies
 k - 2 meat rations


   Skills:
 * Level 4.1(3.8) Fighting
 + Level 4.1(3.8) Dodging
 - Level 2.4(2.1) Stealth
 - Level 4.0(3.7) Shields
 - Level 4.0(3.7) Spellcasting
 + Level 2.7(2.5) Conjurations
 + Level 2.7(2.4) Transmutations
 - Level 4.0(3.7) Earth Magic


You had 4 spell levels left.
You knew the following spells:

 Your Spells              Type           Power        Failure   Level  Hunger
a - Stone Arrow           Conj/Erth      ###...       10%         3    ###....
b - Passwall              Tmut/Erth      ###.......   4%          2    #......
c - Sandblast             Erth           ###...       2%          1    None
e - Petrify               Tmut/Erth      ###.....     32%         4    ####...


Dungeon Overview and Level Annotations

Branches:
Dungeon (6/15)
 Temple: D:4-7

Altars:
Nemelex Xobeh
Zin


Message History

Casting: Stone Arrow
Confirm with . or Enter, or press ? or * to list all spells.
Aiming: Stone Arrow
Press: ? - help, Shift-Dir - straight line, f/p - wight
Aim: a wight, wielding a battleaxe and wearing a robe (heavily damaged)
The stone arrow misses the wight.
Casting: Stone Arrow
Confirm with . or Enter, or press ? or * to list all spells.
Aiming: Stone Arrow
Press: ? - help, Shift-Dir - straight line, f/p - wight
Aim: a wight, wielding a battleaxe and wearing a robe (heavily damaged)
The stone arrow hits the wight.
The wight is severely damaged.
Casting: Stone Arrow
Confirm with . or Enter, or press ? or * to list all spells.
You don't have enough magic to cast that spell.
Casting: Stone Arrow
Confirm with . or Enter, or press ? or * to list all spells.
You don't have enough magic to cast that spell.
There is an escape hatch in the floor here.
Things that are here:
a scimitar; a robe
Casting: Stone Arrow
Confirm with . or Enter, or press ? or * to list all spells.
Aiming: Stone Arrow
Press: ? - help, Shift-Dir - straight line, f/p - wight
Aim: a wight, wielding a battleaxe and wearing a robe (severely damaged)
You miscast Stone Arrow.
You feel momentarily lethargic. The wight hits you with a battleaxe!
* * * LOW HITPOINT WARNING * * *
You see here a stone.
Casting: Stone Arrow
Confirm with . or Enter, or press ? or * to list all spells.
Aiming: Stone Arrow
Press: ? - help, Shift-Dir - straight line, f/p - wight
Aim: a wight, wielding a battleaxe and wearing a robe (severely damaged)
The stone arrow misses the wight.
The wight hits you with a battleaxe.
* * * LOW HITPOINT WARNING * * *
You feel drained.
* * * LOW HITPOINT WARNING * * *
You see here a stone.
Casting: Stone Arrow
Confirm with . or Enter, or press ? or * to list all spells.
Aiming: Stone Arrow
Press: ? - help, Shift-Dir - straight line, f/p - wight
Aim: a wight, wielding a battleaxe and wearing a robe (severely damaged)
The stone arrow misses the wight.
The wight hits you with a battleaxe!
* * * LOW HITPOINT WARNING * * *
A bullfrog comes into view.
The bullfrog gives a loud, deep croak!
The bullfrog barely misses you.
There is a stone staircase leading up here.
You block the bullfrog's attack. You block the wight's attack.
You climb upwards.
There is a stone staircase leading down here.
Casting: Stone Arrow
Confirm with . or Enter, or press ? or * to list all spells.
Aiming: Stone Arrow
Press: ? - help, Shift-Dir - straight line, f - bullfrog
Aim: a bullfrog The stone arrow hits the bullfrog.
The bullfrog is heavily wounded.
The bullfrog closely misses you. The bullfrog hits you.
You die...

#####.......#..........#
#####.......#..........#
............#......)...#
............#..........#
............#..........#
....................####
....................#
................F...#
................@...#
.####.####..........# .#
#.# #..........# .# #.#
#..........# .# #.#
############ .# #.# ##
#.# #.# #.#


You could see a bullfrog.

Vanquished Creatures
  Duvessa (D:5)
  An ogre (D:4)
  Dowan (D:5)
  A scorpion (D:6)
  A howler monkey (D:4)
  2 wights (D:6)
  2 hounds
  3 orc wizards
  An orc priest (D:3)
  A centaur skeleton (D:4)
  2 iguanas
  2 worker ants
  7 gnolls
  5 adders
  4 oozes
  3 worms
  3 dart slugs
  3 leopard geckos
  15 orcs
  3 giant cockroaches
  9 goblins
  6 hobgoblins
  15 jackals
  5 kobolds
  A quokka (D:2)
  10 bats
  4 frilled lizards
  A jackal skeleton (D:4)
  15 rats
127 creatures vanquished.

Vanquished Creatures (others)
  4 plants (D:2)
4 creatures vanquished.

Grand Total: 131 creatures vanquished

Notes
Turn   | Place    | Note
-------+----------+-------------------------------------------
     0 | D:1      | Amnesiac the Deep Elf Earth Elementalist began the quest for the Orb.
     0 | D:1      | Reached XP level 1. HP: 10/10 MP: 6/6
    70 | D:1      | Reached XP level 2. HP: 16/16 MP: 5/8
    74 | D:1      | Learned a level 2 spell: Passwall
   182 | D:1      | Reached skill level 1 in Fighting
   685 | D:2      | Reached XP level 3. HP: 20/20 MP: 10/10
   690 | D:2      | Learned a level 3 spell: Stone Arrow
   772 | D:2      | Reached XP level 4. HP: 26/26 MP: 3/11
   820 | D:2      | Learned a level 4 spell: Petrify
  1297 | D:2      | Reached skill level 1 in Shields
  1587 | D:2      | Found a sparkling altar of Nemelex Xobeh.
  2474 | D:3      | Reached XP level 5. HP: 30/30 MP: 8/13
  3232 | D:3      | Found a faded altar of an unknown god.
  3735 | D:4      | Reached XP level 6. HP: 35/35 MP: 5/14
  4199 | D:4      | Reached skill level 1 in Conjurations
  4285 | D:4      | Found a glowing silver altar of Zin.
  4363 | D:4      | Reached XP level 7. HP: 41/41 MP: 0/15
  4574 | D:5      | Entered Level 5 of the Dungeon
  4881 | D:5      | Noticed Duvessa
  4898 | D:5      | Noticed Dowan
  4910 | D:5      | Killed Duvessa
  5064 | D:5      | Killed Dowan
  5396 | D:5      | Slain by a bullfrog

Vault maps used:
D:1:      minmay_arrival_stair_chambers
D:2:      serial_forest, infiniplex_forest_clump_large,
          infiniplex_forest_side_room, infiniplex_forest_join,
          infiniplex_forest_clump_diagonal, infiniplex_forest_side_room,
          infiniplex_forest_clump_medium, nemelex_lonely_heart_becter
D:3:      chequers_ecumenical_altar_twisty, grunt_ministairs_8,
          serial_bayou_pond_a, st_stairs_4
D:4:      overflow_temple_1_default, first_bread, grunt_tough_drop
D:5:      uniq_duvessa
D:6:      temple_statues, serial_shops, shop, hangedman_abyss_or_decor_stagger,
          elyvilon_altar_3

Skill      XL: |  1  2  3  4  5  6  7 |
---------------+----------------------+-----
Fighting       | 1 2 3 4 |  4.1
Spellcasting   | 4 |  4.0
Earth Magic    | 4 |  4.0
Shields        | 2 3 4 |  4.0
Conjurations   | 1 2 |  2.7
Dodging        | 3 4 |  4.1
Transmutations | 2 |  2.7
Stealth        | |  2.4

Action                   |  1- 3 |  4- 6 |  7- 9 || total
-------------------------+-------+-------+-------++-------
Melee: Dagger            |     2 |   317 |    23 ||   342
 Cast: Sandblast         |    32 |    68 |       ||   100
       Passwall          |       |     7 |       ||     7
       Stone Arrow       |       |    38 |    46 ||    84
       Petrify           |       |     1 |     1 ||     2
 Stab: Sleeping          |     2 |     6 |       ||     8
       Petrified         |       |     3 |       ||     3
       Distracted        |       |     1 |       ||     1
  Eat: Chunk             |       |    14 |     7 ||    21
Armor: Robe              |     1 |    35 |     6 ||    42
Dodge: Dodged            |     5 |   146 |    30 ||   181
Block: Buckler           |       |    14 |     9 ||    23

Table legend:
 A = Spawn XP
 B = Non-spawn XP
 C = Spawn XP percentage of total XP
 D = Spawn monster count
 E = Non-spawn monster count
 F = Spawn count percentage of total count
 G = Total turns spent on level
                    A         B        C        D         E        F      G
               +---------+---------+-------+---------+---------+-------+---------
         Total |       0 |    1396 |   0.0 |       0 |     127 |   0.0 |  5396
               +---------+---------+-------+---------+---------+-------+---------
           D:1 |       0 |      40 |   0.0 |       0 |      17 |   0.0 |   683
           D:2 |       0 |     131 |   0.0 |       0 |      30 |   0.0 |  1761
           D:3 |       0 |     201 |   0.0 |       0 |      46 |   0.0 |  1310
           D:4 |       0 |     371 |   0.0 |       0 |      20 |   0.0 |   855
           D:5 |       0 |     427 |   0.0 |       0 |      10 |   0.0 |   619
           D:6 |       0 |     226 |   0.0 |       0 |       4 |   0.0 |   168
               +---------+---------+-------+---------+---------+-------+---------
